 Dungeon Crawl Stone Soup version 0.29.1-12-g30fa7ad0bf (webtiles) character file.

Game seed: 14074783131585616002

56310 Xeneth the Protected (level 14, -7/127 HPs)
             Began as a Minotaur Fighter on Jan 9, 2023.
             Was the Champion of Okawaru.
             Killed from afar by a hell hog (33 damage)
             ... with a fireball
             ... on level 2 of the Abyss on Jan 10, 2023.
             The game lasted 01:20:13 (19092 turns).

Xeneth the Protected (Minotaur Fighter)            Turns: 19092, Time: 01:20:14

Health: -7/127     AC: 23    Str: 26    XL:     14   Next: 41%
Magic:  18/18      EV: 16    Int:  7    God:    Okawaru [******]
Gold:   2241       SH:  8    Dex: 10    Spells: 13/13 levels left

rFire   . . .      SeeInvis .   Q - +6 broad axe (flame)
rCold   . . .      Faith    .   c - +2 buckler
rNeg    + . .      Spirit   .   L - +5 chain mail "Xunat" {Slay+3}
rPois   .          Reflect  .   m - +0 hat of the Nexus {Fly rN+ Stlth+}
rElec   .          Harm     .   i - +0 cloak
rCorr   .          Rampage  .   p - +2 pair of gloves of Kindness {Int+2}
Will    +....                   (no boots)
Stlth   ..........              M - amulet of regeneration
HPRegen 1.11/turn               F - +4 ring of slaying
MPRegen 0.16/turn               W - +4 ring of evasion

@: flying
A: horns 2, retaliatory headbutt
a: Renounce Religion, Heroism, Finesse, Duel


You were on level 2 of the Abyss.
You worshipped Okawaru.
Okawaru was exalted by your worship.
You visited 4 branches of the dungeon, and saw 20 of its levels.
You visited the Abyss 1 time.

You collected 2241 gold pieces.

Inventory:

Hand Weapons
 b - a +0 triple crossbow
 j - a +0 hammer of flaming
 q - a +3 dire flail of venom
 z - the +1 battleaxe "Sial" {freeze, rCorr Int+4 Dex+2}
   (You found it on level 11 of the Dungeon)

   It freezes those it strikes, dealing additional cold damage.
   It can also slow down cold-blooded creatures.
   Int:       It affects your intelligence (+4).
   Dex:       It affects your dexterity (+2).
   rCorr:     It protects you from acid and corrosion.
 D - a +0 vorpal hand axe
 E - a +0 vorpal shortbow
 G - a +1 demon whip of venom
 Q - a +6 broad axe of flaming (weapon)
 R - a +0 whip of electrocution
 S - a +2 scimitar of electrocution
 U - a +2 dagger of distortion
 X - a +2 morningstar of protection
Missiles
 O - 15 boomerangs (quivered)
Armour
 c - a +2 buckler (worn)
 g - a +1 hat
 i - a +0 cloak (worn)
 m - the +0 hat of the Nexus (worn) {Fly rN+ Stlth+}
   (You found it on level 2 of the Orcish Mines)

   rN:        It protects you from negative energy.
   Fly:       It grants you flight.
   Stlth:     It makes you more stealthy.
 p - the +2 pair of gloves of Kindness (worn) {Int+2}
   (Okawaru gifted it to you on level 2 of the Lair of Beasts)

   Int:       It affects your intelligence (+2).
 u - a +0 pair of gloves
 B - a +0 pair of gloves
 J - a +0 plate armour
 L - the +5 chain mail "Xunat" (worn) {Slay+3}
   (You found it on level 8 of the Dungeon)

   Slay:      It affects your accuracy & damage with ranged weapons and melee
   (+3).
 N - +0 ice dragon scales
 P - a +0 plate armour
Jewellery
 a - a ring of see invisible
 f - a +6 ring of strength
 A - the ring of Osoahulihe {Fire rElec}
   (You found it on level 3 of the Lair of Beasts)

   [ring of fire]

   It enhances your fire magic.
   rF:        It protects you from fire.
   rC:        It makes you vulnerable to cold.
   rElec:     It insulates you from electricity.
 F - a +4 ring of slaying (left hand)
 M - an amulet of regeneration (around neck)
 W - a +4 ring of evasion (right hand)
 Z - a ring of poison resistance
Wands
 e - a wand of polymorph (3)
 x - a wand of flame (3)
 y - a wand of mindburst (9)
Scrolls
 r - 2 scrolls of silence
 s - a scroll of fear
 v - 6 scrolls of identify
Potions
 d - a potion of mutation
 h - 2 potions of flight
 k - a potion of invisibility
 l - a potion of cancellation
 n - 7 potions of curing
 o - a potion of lignification
 w - 4 potions of resistance
 C - 2 potions of might
 H - a potion of magic
 I - 2 potions of brilliance
 K - 4 potions of haste


   Skills:
 * Level 12.6 Fighting
 + Level 12.3(14.0) Axes
 + Level 10.9(13.3) Maces & Flails
 + Level 2.2 Throwing
 * Level 14.6 Armour
 * Level 10.6 Dodging
 + Level 1.4 Stealth
 * Level 11.9 Shields
 * Level 6.8 Invocations
 - Level 1.0 Evocations


You had 13 spell levels left.
You didn't know any spells.
Your spell library contained the following spells:

 Spells                   Type           Power      Damage    Failure   Level
 Freeze                   Ice            0%         1d3       91%         1
 Magic Dart               Conj           0%         1d3       91%         1
 Shock                    Conj/Air       0%         1d3       91%         1
 Poisonous Vapours        Pois/Air       0%         N/A       97%         2
 Frozen Ramparts          Ice            0%         1d1       99%         3
 Ignite Poison            Fire/Tmut/Pois 0%         N/A       99%         3
 Mephitic Cloud           Conj/Pois/Air  0%         N/A       99%         3
 Portal Projectile        Hex/Tloc       0%         N/A       99%         3
 Swiftness                Air            0%         N/A       99%         3
 Airstrike                Air            0%         2d(0-16)  100%        4
 Corpse Rot               Necr/Pois/Air  0%         N/A       100%        4
 Hailstorm                Conj/Ice       0%         3d3       100%        4
 Blade Hands              Tmut           0%         N/A       100%        5
 Freezing Cloud           Conj/Ice/Air   0%         6-21      100%        5
 Polar Vortex             Ice            0%         N/A       100%        9
 Call Imp                 Summ           Unusable   N/A       N/A         2
 Tukima's Dance           Hex            Unusable   N/A       N/A         3
 Simulacrum               Ice/Necr       Unusable   N/A       N/A         6

Dungeon Overview and Level Annotations

Branches:
Dungeon (12/15)            Temple (1/1) D:4            Lair (4/5) D:8
 Shoals (0/4) Lair:2       Spider (0/4) Lair:3          Orc (2/2) D:10
    Elf (0/3) Orc:2
  Slime: Lair:4-5

Altars:
Ashenzari
Cheibriados
Dithmenos
Elyvilon
Fedhas
Gozag
Hepliaklqana
Kikubaaqudgha
Makhleb
Nemelex Xobeh
Okawaru
Qazlal
Ru
Sif Muna
Trog
Uskayaw
Vehumet
Wu Jian
Xom
Yredelemnul
Zin
The Shining One

Shops:
D:1 =   D:9 [   D:10 =   D:12 *   Orc:2 ?:![=

Portals:
Pandemonium: Orc:2
Gauntlet: Lair:4

Annotations:
D:5 1 runed translucent door


Innate Abilities, Weirdness & Mutations

You have a pair of horns on your head.
You reflexively headbutt those who attack you in melee.


Message History

The fireball engulfs the hell hog.
The hell hog completely resists.
As you read the scroll of fog, it crumbles to dust.
The scroll dissolves into smoke.
You block the hell hog's attack.
You slice the hell hog!!
The hell hog is moderately wounded.
You slash the hell hog! The hell hog breathes fire at you.
The fireball explodes!
The fireball engulfs you!
* * * LOW HITPOINT WARNING * * *
The fireball engulfs the hell hog.
The hell hog completely resists.
The fireball engulfs the hell hog.
The hell hog completely resists.
You feel much better. The hell hog misses you.
The hell hog breathes fire at you.
The fireball explodes!
The fireball engulfs the hell hog.
The hell hog completely resists.
The fireball engulfs the hell hog.
The hell hog completely resists.
The fireball engulfs the hell hog.
The hell hog completely resists.
The fireball engulfs you but does no damage.
The hell hog bites you but does no damage.
Okay, then.
You hit the hell hog. You headbutt the hell hog.
The hell hog is heavily wounded.
You slash the hell hog!
You kill the hell hog!
Okawaru accepts your kill.
The hell hog bites you but does no damage.
The hell hog bites you!
* * * LOW HITPOINT WARNING * * *
The hell hog bites you.
* * * LOW HITPOINT WARNING * * *
You barely miss the hell hog. You headbutt the hell hog.
The hell hog is severely wounded.
You slash the hell hog! You block the hell hog's attack.
The hell hog bites you but does no damage.
You hit the hell hog.
The hell hog is severely wounded.
You slice the hell hog!! The hell hog breathes fire at you.
The fireball explodes!
The fireball engulfs you!!
You die...

#. . #. #..
#..#### .§§§#
##hh# #.#@##
#§§§§# ##§§#§#
#.#. #.# .. ###...
## #. # #.. .# ##
### ##.#..##.# .
..# #.
#..##..#..#..#.##.
#..#### ......♣
... ♣ ♣♣


You could see 2 hell hogs.

Vanquished Creatures
  An ice dragon (D:11)
  3 demonspawn (Orc:2)
  A hydra (Lair:5)
  Erica (D:8)
  2 boulder beetles
  A two-headed ogre (D:11)
  A hell hog (Abyss:2)
  12 death yaks
  Urug (D:10)
  6 orc high priests (Orc:2)
  Sonja (D:10)
  Amaemon (D:8)
  2 deep elf zephyrmancers (Orc:2)
  5 orc knights
  A manticore (D:9)
  6 orc sorcerers (Orc:2)
  An orange demon (D:8)
  4 black mambas
  8 elephants
  The ghost of cbfl8 the Chopper, a novice MiBe of Trog (D:5)
  8 cane toads
  4 unseen horrors
  6 komodo dragons
  6 rime drakes
  2 hellwings (Orc:2)
  5 trolls
  5 polar bears
  Prince Ribbit (D:6)
  5 hornets
  8 blink frogs
  3 slime creatures
  7 spriggans (Lair:5)
  3 wyverns
  A shadow (D:12)
  15 yaks
  A wraith (D:9)
  2 basilisks
  Grum (D:11)
  2 steam dragons
  A vampire mosquito (D:9)
  A chaos spawn (Orc:2)
  Menkaure (D:6)
  Edmund (D:5)
  4 wargs
  10 water moccasins
  A swamp drake (Orc:2)
  24 orc warriors
  6 black bears
  14 wolves
  3 ogres (Orc:2)
  5 centaurs
  3 boggarts (Lair:5)
  4 phantoms
  3 kobold brigands
  8 bullfrogs
  A necrophage (D:6)
  3 scorpions
  A wight (D:7)
  5 killer bees (D:7)
  3 troll zombies (D:10)
  A vampire bat (D:5)
  3 howler monkeys
  A crimson imp (Orc:2)
  31 orc priests
  3 hounds
  A jelly (D:6)
  A gnoll bouda (D:9)
  An iron imp (Orc:2)
  Crazy Yiuf (D:3)
  24 orc wizards
  10 iguanas
  5 ogre zombies (D:10)
  A boggart simulacrum (D:11)
  4 adders
  4 gnolls (D:9)
  2 river rats (D:5)
  3 shadow imps
  2 white imps
  An ufetubus (D:4)
  2 worms
  4 dart slugs
  3 fire bats (D:5)
  81 orcs
  2 spectral bats (D:5)
  12 bats
  3 bat skeletons (D:5)
  A bat zombie (D:5)
  5 endoplasms (D:1)
  2 giant cockroaches
  21 goblins
  8 hobgoblins
  4 jackals
  A quokka (D:3)
  7 ball pythons
  A bat simulacrum (D:5)
  5 frilled lizards
  A goblin skeleton (D:10)
  2 hobgoblin skeletons (D:10)
  2 hobgoblin zombies (D:10)
  23 kobolds
  3 orc skeletons (D:10)
  17 orc zombies (D:10)
  4 rats
559 creatures vanquished.

Vanquished Creatures (others)
  An orc wizard (Orc:2)
  4 orcs
  A bush (D:5)
  A fungus (Lair:5)
  6 plants
13 creatures vanquished.

Grand Total: 572 creatures vanquished

Notes
Turn   | Place    | Note
-------+----------+-------------------------------------------
     0 | D:1      | Xeneth the Minotaur Fighter began the quest for the Orb.
     0 | D:1      | Reached XP level 1. HP: 19/19 MP: 0/0
   104 | D:1      | Found a faded altar of an unknown god.
   134 | D:1      | Reached XP level 2. HP: 27/27 MP: 1/1
   447 | D:1      | Found Jazey's Jewellery Shop.
   647 | D:2      | Reached skill level 1 in Dodging
   651 | D:2      | Reached XP level 3. HP: 24/33 MP: 2/2
   890 | D:2      | Reached skill level 4 in Armour
  1461 | D:3      | Reached XP level 4. HP: 40/40 MP: 3/3
  1728 | D:3      | Reached XP level 5. HP: 43/46 MP: 4/4
  1766 | D:3      | Found a runed translucent door.
  1767 | D:3      | Noticed Crazy Yiuf
  3317 | D:3      | Killed Crazy Yiuf
  3492 | D:4      | You fall into a shaft and drop 1 floor!
  3492 | D:5      | Entered Level 5 of the Dungeon
  3495 | D:5      | Noticed Edmund
  3765 | D:5      | Reached XP level 6. HP: 52/52 MP: 5/5
  3811 | D:5      | Reached skill level 5 in Shields
  3829 | D:5      | Reached skill level 5 in Armour
  4061 | D:4      | Found a staircase to the Ecumenical Temple.
  4372 | D:4      | Reached XP level 7. HP: 58/60 MP: 6/6
  4551 | Temple   | Entered the Ecumenical Temple
  4551 | Temple   | Found a transporter.
  4551 | Temple   | Found a transporter.
  4553 | Temple   | Found a transporter.
  4553 | Temple   | Found a transporter.
  4614 | Temple   | Became a worshipper of Warmaster Okawaru
  4775 | D:5      | Reached skill level 5 in Axes
  4830 | D:5      | Reached skill level 6 in Armour
  4852 | D:5      | Found a runed translucent door.
  4853 | D:5      | Noticed cbfl8's ghost (novice MiBe)
  5030 | D:5      | Killed cbfl8's ghost
  5030 | D:5      | Reached * piety under Okawaru
  5031 | D:5      | Reached skill level 7 in Armour
  5031 | D:5      | Reached XP level 8. HP: 56/67 MP: 7/7
  5040 | D:5      | Found a runed translucent door.
  5543 | D:5      | Reached skill level 5 in Fighting
  5838 | D:5      | Killed Edmund
  5838 | D:5      | Reached ** piety under Okawaru
  5839 | D:5      | Reached skill level 5 in Dodging
  6373 | D:6      | Reached skill level 1 in Maces & Flails
  6373 | D:6      | Reached skill level 8 in Armour
  6409 | D:6      | Noticed Prince Ribbit
  6429 | D:6      | Killed Prince Ribbit
  6430 | D:6      | Reached XP level 9. HP: 39/74 MP: 8/8
  6596 | D:6      | Noticed Menkaure
  6610 | D:6      | Killed Menkaure
  6610 | D:6      | Reached *** piety under Okawaru
  8006 | D:7      | Reached skill level 9 in Armour
  8289 | D:7      | Reached **** piety under Okawaru
  8360 | D:7      | Reached skill level 10 in Armour
  8898 | D:8      | Identified the +5 chain mail "Xunat" {Slay+3}
  9009 | D:8      | Found a sacrificial altar of Ru.
  9134 | D:8      | Reached skill level 5 in Maces & Flails
  9134 | D:8      | Reached XP level 10. HP: 81/83 MP: 9/9
  9137 | D:8      | Noticed Erica
  9164 | D:8      | Killed Erica
  9491 | D:8      | Noticed a death yak
  9492 | D:8      | Found a staircase to the Lair.
  9492 | D:8      | Noticed a death yak
  9492 | D:8      | Noticed Amaemon
  9492 | D:8      | Noticed an orange demon
  9499 | D:8      | Noticed a death yak
  9501 | D:8      | Noticed a death yak
  9502 | D:8      | Killed a death yak
  9502 | D:8      | Reached ***** piety under Okawaru
  9502 | D:8      | Noticed a death yak
  9503 | D:8      | Reached skill level 1 in Stealth
  9506 | D:8      | Noticed a death yak
  9855 | D:8      | Killed a death yak
  9860 | D:8      | Killed a death yak
  9860 | D:8      | Identified the +4 chain mail "Uxtuiw" {Dex+3} (Okawaru
                  | gifted it to you on level 8 of the Dungeon)
  9860 | D:8      | Received a gift from Okawaru
  9861 | D:8      | Reached skill level 11 in Armour
  9868 | D:8      | HP: 3/84 [death yak (6)]
  9886 | D:7      | Killed a death yak
 10118 | D:8      | Killed an orange demon
 10276 | D:8      | Killed a death yak
 10277 | D:8      | Reached skill level 1 in Evocations
 10277 | D:8      | Reached XP level 11. HP: 73/92 MP: 10/10
 10282 | D:8      | Killed a death yak
 10545 | D:8      | Killed Amaemon
 10699 | D:9      | Reached skill level 12 in Armour
 10766 | D:9      | Found Emaefav's Antique Armour Shoppe.
 10879 | D:9      | Reached skill level 1 in Invocations
 10904 | D:9      | Found a stormy altar of Qazlal.
 11044 | D:9      | Found a snail-covered altar of Cheibriados.
 11205 | D:10     | Entered Level 10 of the Dungeon
 11267 | D:10     | Found a staircase to the Orcish Mines.
 11495 | D:10     | Found Suidu's Jewellery Emporium.
 11502 | D:10     | Noticed Urug
 11512 | D:10     | Killed Urug
 11588 | D:10     | Noticed Sonja
 11620 | D:10     | Killed Sonja
 12126 | D:11     | Noticed a two-headed ogre
 12132 | D:11     | Killed a two-headed ogre
 12132 | D:11     | Received a gift from Okawaru
 12160 | D:11     | Noticed Grum
 12166 | D:11     | Killed Grum
 12255 | D:11     | Noticed an ice dragon
 12278 | D:11     | Killed an ice dragon
 12316 | D:11     | Got the +1 battleaxe "Sial" {freeze, rCorr Int+4 Dex+2}
 12352 | D:11     | Reached XP level 12. HP: 89/103 MP: 13/13
 12452 | D:11     | Reached ****** piety under Okawaru
 12453 | D:11     | Reached skill level 1 in Throwing
 13139 | D:12     | Reached skill level 10 in Maces & Flails
 13257 | D:12     | Reached skill level 10 in Shields
 13257 | D:12     | Found Zin's Purification Station.
 13258 | D:12     | Found a glowing silver altar of Zin.
 13281 | D:12     | Received a gift from Okawaru
 13296 | D:12     | Noticed a boulder beetle
 13304 | D:12     | Killed a boulder beetle
 14047 | Orc:1    | Entered Level 1 of the Orcish Mines
 14099 | Orc:1    | Reached skill level 13 in Armour
 14303 | Orc:2    | Entered Level 2 of the Orcish Mines
 14333 | Orc:2    | Found Gamoocro's Magic Scroll Shoppe.
 14470 | Orc:2    | Found Akanenaexka's Distillery.
 14501 | Orc:2    | Paralysed by an orc sorcerer for 4 turns
 14613 | Orc:2    | Received a gift from Okawaru
 14718 | Orc:2    | Found Ocsuid's Jewellery Boutique.
 14738 | Orc:2    | Reached skill level 10 in Fighting
 14831 | Orc:2    | Found a staircase to the Elven Halls.
 14897 | Orc:2    | Paralysed by an orc sorcerer for 3 turns
 15031 | Orc:2    | HP: 2/106 [orc knight/+0 war axe (8)]
 15309 | Orc:2    | Noticed an orc high priest
 15328 | Orc:2    | Reached XP level 13. HP: 61/114 MP: 15/15
 15423 | Orc:2    | Reached skill level 5 in Invocations
 15509 | Orc:2    | Identified the +0 hat of the Nexus {Fly rN+ Stlth+}
 15794 | Orc:2    | Identified the +0 ring mail of Sekeaf {Harm rN+ Str-5}
                  | (Okawaru gifted it to you on level 2 of the Orcish Mines)
 15794 | Orc:2    | Received a gift from Okawaru
 15846 | Orc:2    | Found Qutouhurr's Book Boutique.
 15846 | Orc:2    | Found Bextig's Antique Armour Shop.
 15847 | Orc:2    | Found a one-way gate leading to the halls of Pandemonium.
 16021 | Orc:2    | Paralysed by an orc sorcerer for 5 turns
 16029 | Orc:2    | Paralysed by an orc sorcerer for 5 turns
 16540 | Lair:1   | Entered Level 1 of the Lair of Beasts
 16562 | Lair:1   | Reached skill level 10 in Axes
 16664 | Lair:1   | Reached skill level 14 in Armour
 17027 | Lair:1   | Reached skill level 10 in Dodging
 17608 | Lair:2   | Identified the +2 pair of gloves of Kindness {Int+2}
                  | (Okawaru gifted it to you on level 2 of the Lair of Beasts)
 17608 | Lair:2   | Received a gift from Okawaru
 17813 | Lair:2   | Found a staircase to the Shoals.
 18026 | Lair:3   | Reached XP level 14. HP: 125/125 MP: 17/17
 18073 | Lair:3   | Identified the ring of Osoahulihe {Fire rElec}
 18106 | Lair:3   | Identified a scroll of acquirement
 18106 | Lair:3   | Acquired 588 gold pieces
 18283 | Lair:3   | Found a hole to the Spider Nest.
 18848 | Lair:4   | Found a gate leading to a gauntlet.
 18853 | Lair:4   | You are sucked into a shaft and drop 1 floor!
 18853 | Lair:5   | Entered Level 5 of the Lair of Beasts
 18967 | Lair:5   | Paralysed by a hornet for 1 turns
 19047 | Abyss:2  | Cast into level 2 of the Abyss (spriggan)
 19092 | Abyss:2  | Killed from afar by a hell hog

Illustrated notes

Levels and vault maps discovered:
D:1:      roderic_octagonal_star, layout_rooms, serial_shops, shop_statue,
          hellmonk_ecumenical_altar_pennies_from_heaven
D:2:      kennysheep_the_goblin_king, layout_loops_ring, minmay_pentomino_r4
D:3:      cheibrodos_greedy_goblins, layout_loops_ring, minmay_curled_crystal,
          uniq_crazy_yiuf_cottage
D:4:      layout_basic, minmay_temple_entry_overgrown, kennysheep_generic_room_6
D:5:      layout_loops_ring, ebering_ghost_sewer_f, kb_lookout_dungeons_type,
          chequers_serial_rivers_small_3, kennysheep_decorative_pillar,
          goddamned_bats, uniq_edmund
D:6:      layout_cave_pods, dk_vineyard_3, uniq_prince_ribbit1, uniq_menkaure
D:7:      hangedman_cross_stitches, layout_cave_pools,
          amcnicky_mini_corridor_feature
D:8:      layout_rooms, nicolae_ru_great_annihilating_truth, dpeg_lair_monsters,
          uniq_erica, uniq_amaemon
D:9:      layout_rooms, overflow_temple_1_default, kennysheep_little_box,
          serial_shops, shop_fountains, minmay_misc_feat_doors,
          hangedman_decor_opposing, minmay_misc_feat_chi, minivault_20,
          nicolae_concentric_dashed_squares_wild
D:10:     layout_irregular_city, zombieorc2_lemuel, serial_shops,
          nicolae_shop_advertising_works [nicolae_subvault_shop_adworks],
          uniq_sonja, uniq_urug
D:11:     minmay_coctagon, layout_long_grid, chequers_serial_rivers_micro_b,
          uniq_grum
D:12:     layout_layer_cave, zin_purify
Temple:   hellmonk_temple_divided_pantheon
Lair:1:   layout_regular_city
Lair:2:   layout_hall_layers, elwin_shoals_entry_rooms, lemuel_fruit_fields
Lair:3:   layout_long_grid, spider_nest_entry_web_field, serial_bayou,
          serial_bayou_pond_c, serial_bayou_pond_e, serial_bayou_pond_b,
          serial_bayou_crossing, serial_bayou_lagoon_a,
          amcnicky_mini_pool_medium
Lair:4:   layout_loops_ring, enter_volcano_1, gauntlet_entry_generic,
          serial_bayou_shore_b, grunt_megastairs_4
Lair:5:   minmay_lair_end_enchanted_forest, layout_regular_city, slime_entry_1,
          st_stairs_11
Orc:1:    layout_diamond_mine
Orc:2:    pf_orc_diabolical, layout_caves, serial_shops,
          nicolae_shop_competitors_out_of_business, hangedman_minor_magic
Abyss:2:  base: D:2, evilmike_abyss_exit_vortex

Skill      XL: |  1  2  3  4  5  6  7  8  9 10 11 12 13 14 |
---------------+-------------------------------------------+-----
Dodging        | 1 2 3 4 5 6 7 8 9 10 | 10.6
Fighting       | 4 5 6 7 8 10 11 12 | 12.6
Armour         | 4 5 7 8 10 11 12 13 14 | 14.6
Axes           | 3 4 6 7 8 11 12 | 12.3
Shields        | 4 5 6 7 9 10 11 | 11.9
Maces & Flails | 1 5 7 9 10 | 10.9
Stealth        | 1 |  1.4
Evocations     | 1 |  1.0
Invocations    | 3 4 6 |  6.8
Throwing       | 2 |  2.2

Action                   |  1- 3 |  4- 6 |  7- 9 | 10-12 | 13-15 || total
-------------------------+-------+-------+-------+-------+-------++-------
Melee: War axe           |    76 |    87 |    98 |       |       ||   261
       Headbutt          |     8 |    10 |    35 |   131 |    73 ||   257
       Dire flail        |       |       |   131 |   467 |       ||   598
       Broad axe         |       |       |       |   109 |   285 ||   394
Throw: Boomerang         |       |       |       |    13 |       ||    13
Evoke: Wand              |       |       |       |    21 |       ||    21
  Use: Scroll            |     7 |     8 |     6 |    13 |     4 ||    38
       Potion            |       |     9 |       |     4 |     1 ||    14
 Stab: Paralysed         |       |       |     1 |       |       ||     1
Armor: Scale mail        |    32 |   165 |    62 |       |       ||   259
       Skin              |       |     3 |       |       |       ||     3
       Chain mail        |       |       |    76 |   311 |   134 ||   521
Dodge: Dodged            |    33 |   178 |   154 |   265 |   230 ||   860
Block: Buckler           |    25 |    89 |    38 |    21 |   123 ||   296
